 Dungeon Crawl Stone Soup version 0.29-a0-1019-g84f7d21838 (webtiles) character file.

Game seed: 10179082586269766263

2836 hetake2 the Basher (level 9, -13/88 HPs)
             Began as a Troll Berserker on Aug 10, 2022.
             Was a Priest of Trog.
             Mangled by an ogre
             ... wielding the +10 great mace of Innocence {elec, Str+2 Int+3}
              (20 damage)
             ... on level 4 of the Dungeon.
             The game lasted 00:44:57 (6142 turns).

hetake2 the Basher (Troll Berserker)                Turns: 6142, Time: 00:44:58

Health: -13/88     AC:  6    Str: 31    XL:     9   Next: 45%
Magic:  8/8        EV: 26    Int:  3    God:    Trog [***...]
Gold:   790        SH:  0    Dex:  9    Spells: 8/8 levels left

rFire   . . .      SeeInvis .   I - +0 giant spiked club
rCold   . . .      Faith    .   (shield currently unavailable)
rNeg    . . .      Spirit   .   b - +0 animal skin
rPois   .          Reflect  .   e - +1 hat
rElec   .          Harm     .   t - +0 cloak
rCorr   .          Rampage  .   (gloves unavailable)
Will    .....                   (boots unavailable)
Stlth   +.........              g - amulet of the acrobat
HPRegen 1.04/turn               (no ring)
MPRegen 0.11/turn               (no ring)

@: on berserk cooldown, acrobatic, slowed, very slow
A: large, unfitting armour, claws 3, regeneration 1, shaggy fur 1, tough skin 1
a: Renounce Religion, Berserk, Trog's Hand


You were on level 4 of the Dungeon.
You worshipped Trog.
Trog was most pleased with you.
You visited 1 branch of the dungeon, and saw 7 of its levels.
You also visited: Ossuary.

You collected 1107 gold pieces.
You spent 317 gold pieces at shops.

Inventory:

Hand Weapons
 a - a +0 mace
 j - a +4 vorpal great mace
 s - a +0 great sword
 D - a +0 giant club
 I - a +0 giant spiked club (weapon)
Missiles
 h - 2 javelins (quivered)
 i - 6 boomerangs
Armour
 b - a +0 animal skin (worn)
 e - a +1 hat (worn)
 f - a +0 robe
 t - a +0 cloak (worn)
 J - a +0 pair of boots
Jewellery
 d - a +4 ring of protection
 g - an amulet of the acrobat (around neck)
 K - an amulet of faith
Wands
 H - a wand of charming (9)
Scrolls
 c - 2 scrolls of enchant armour
 l - a scroll of torment
 n - 5 scrolls of identify
 u - a scroll of blinking
 w - a scroll of silence {unknown}
 y - a scroll of teleportation {unknown}
 C - a scroll of noise
 E - 2 scrolls of fear
 F - a scroll of magic mapping {unknown}
Potions
 k - a potion of resistance
 m - a potion of degeneration {unknown}
 o - 2 potions of curing
 p - a potion of berserk rage {unknown}
 q - a potion of heal wounds {unknown}
 r - 2 potions of magic
 v - a potion of brilliance
 x - a potion of might
 z - a potion of invisibility {unknown}
 A - a potion of flight
 B - a potion of lignification
 G - a potion of mutation {unknown}


   Skills:
 + Level 5.5 Fighting
 + Level 1.7 Long Blades
 + Level 9.3 Maces & Flails
 + Level 5.2 Dodging
 + Level 1.2 Stealth


You had 8 spell levels left.
You didn't know any spells.
Your spell library contained the following spells:

 Spells                   Type           Power      Damage    Failure   Level
 Apportation              Tloc           0%         N/A       52%         1
 Alistair's Intoxication  Tmut/Pois      0%         N/A       100%        5


Dungeon Overview and Level Annotations

Branches:
Dungeon (7/15)             Temple (0/1) D:6         Ossuary (visited)

Altars:
Elyvilon
Gozag
Okawaru
Qazlal
Ru
Trog
Wu Jian
Zin

Shops:
D:2 (

Annotations:
D:4 1 transporter


Innate Abilities, Weirdness & Mutations

You are too large for most types of armour.
You have claws for hands.
Your natural rate of healing is unusually fast.
You are covered in fur. (AC +1)
You have tough skin. (AC +1)


Message History

You closely miss fleet's ghost. Fleet's ghost hits you.
Fleet's ghost closely misses you.
You barely miss fleet's ghost. Fleet's ghost hits you. x2
You writhe in agony.
You sock fleet's ghost!
Fleet's ghost is moderately damaged.
Fleet's ghost hits you but does no damage.
You writhe in agony.
Fleet's ghost barely misses you.
You barely miss fleet's ghost.
Fleet's ghost is moderately damaged.
Fleet's ghost misses you.
Fleet's ghost hits you but does no damage.
You writhe in agony.
You barely miss fleet's ghost.
Fleet's ghost is moderately damaged.
Fleet's ghost hits you. Fleet's ghost barely misses you.
You barely miss fleet's ghost.
Fleet's ghost is moderately damaged.
Fleet's ghost closely misses you.
Fleet's ghost shouts, "They lied to you.
The Dungeon just goes down and down forever."
Fleet's ghost hits you but does no damage.
You crush fleet's ghost like a grape!!!
You destroy fleet's ghost!
Trog accepts your kill. The ogre closely misses you.
You barely miss the ogre. The ogre closely misses you.
You barely miss the ogre.
The ogre hits you with the +10 great mace of Innocence {elec, Str+2 Int+3}!!
You are electrocuted!
* * * LOW HITPOINT WARNING * * *
The ogre completely misses you. The ogre barely misses you.
The ogre misses you. The ogre misses you. The ogre attacks as you move away!
The ogre closely misses you. The ogre attacks as you move away!
The ogre completely misses you.
The ogre hits you with the +10 great mace of Innocence {elec, Str+2 Int+3}!!!
* * * LOW HITPOINT WARNING * * *
You are electrocuted!!
You die...

..##.###.#####.####.##...##..####
))##<# #.## ### #..............
.....# #..# #..##.####..###
..#### ##.# #..)........# ...#
#.# ##.##.####.## ..## #.# #)##.#
#.# ..# #.#### #.##.# #.# #.#
#...########.##.# #.#### #.#
#...#..O@..#.##.####....# #.#
#...#.#..#.#.##.......... #.#
#...#..##..#.##########.# #.#
#...#..##..#.##########.#
#.#######..©#.#..#.#............#
............#[.)..©###########..#
.....#####.©#$#..#.# #..#
##.#.### #..#..##..# #..#
#....<.# #..#..##..# #..#


You could see an ogre.

Vanquished Creatures
  A two-headed ogre (D:6)
  The ghost of fleet the Covert, an amateur KoBr (D:4)
  Sigmund (D:6)
  A steam dragon (D:6)
  A sky beast (D:6)
  2 ogres
  A centaur (D:6)
  A phantom (D:6)
  2 bullfrogs (D:6)
  An elf zombie (Ossuary)
  3 necrophages
  6 scorpions
  2 jellies
  A human zombie (Ossuary)
  2 orc priests
  An iguana (D:5)
  2 orc wizards (D:5)
  5 hound zombies (Ossuary)
  3 mummies (Ossuary)
  5 adders
  11 gnolls
  A shadow imp (D:6)
  2 white imps (D:6)
  An ufetubus (D:4)
  5 adder zombies (Ossuary)
  A worm (D:2)
  3 dart slugs
  9 orcs
  7 ball pythons
  11 endoplasms
  5 giant cockroaches
  9 goblins
  7 hobgoblins
  6 jackals
  6 kobolds
  5 bats
  5 frilled lizards
  3 gnoll zombies (Ossuary)
  A goblin zombie (Ossuary)
  A hobgoblin zombie (Ossuary)
  3 jackal zombies (Ossuary)
  5 kobold zombies (Ossuary)
  2 orc zombies (Ossuary)
  4 quokka zombies (Ossuary)
  8 rats
  2 rat zombies (Ossuary)
165 creatures vanquished.

Notes
Turn   | Place    | Note
-------+----------+-------------------------------------------
     0 | D:1      | hetake2 the Troll Berserker began the quest for the Orb.
     0 | D:1      | Reached XP level 1. HP: 22/22 MP: 0/0
    53 | D:1      | Reached XP level 2. HP: 29/29 MP: 1/1
   139 | D:1      | Reached skill level 3 in Maces & Flails
   407 | D:1      | Reached XP level 3. HP: 36/36 MP: 2/2
   891 | D:2      | Reached ** piety under Trog
  1115 | D:2      | Found a glowing silver altar of Zin.
  1153 | D:2      | Found Udghem's Weapon Emporium.
  1280 | D:2      | Reached XP level 4. HP: 34/45 MP: 3/3
  1568 | D:2      | You fall into a shaft and drop 1 floor!
  2107 | D:3      | Reached skill level 4 in Maces & Flails
  2180 | D:3      | Reached XP level 5. HP: 53/53 MP: 4/4
  2377 | D:3      | Found a faded altar of an unknown god.
  2449 | D:3      | Found a white marble altar of Elyvilon.
  2532 | D:3      | Found a glowing silver altar of Zin.
  2549 | D:3      | Identified a scroll of acquirement
  2549 | D:3      | Acquired 712 gold pieces
  2834 | D:2      | Bought a +4 vorpal great mace for 317 gold pieces
  3134 | D:4      | Found an iron altar of Okawaru.
  3173 | D:4      | Reached skill level 1 in Long Blades
  3203 | D:4      | Found a sacrificial altar of Ru.
  3346 | D:4      | Reached XP level 6. HP: 53/61 MP: 5/5
  3509 | D:4      | Identified the +10 great mace of Innocence {elec, Str+2
                  | Int+3}
  3510 | D:4      | Noticed fleet's ghost (amateur KoBr)
  3511 | D:4      | Found a transporter.
  3515 | D:4      | Found a transporter.
  3530 | D:4      | Found a bloodstained altar of Trog.
  3531 | D:4      | Found an ornate altar of the Wu Jian Council.
  3552 | D:4      | Found a sand-covered staircase.
  3561 | Ossuary  | Entered an ossuary
  3587 | Ossuary  | Reached *** piety under Trog
  3768 | Ossuary  | Reached skill level 5 in Maces & Flails
  3856 | Ossuary  | Reached XP level 7. HP: 68/68 MP: 6/6
  4147 | D:5      | Entered Level 5 of the Dungeon
  4153 | D:5      | Found an opulent altar of Gozag.
  4239 | D:5      | Reached skill level 6 in Maces & Flails
  4287 | D:5      | Reached **** piety under Trog
  4360 | D:5      | Identified the +0 leather armour of Ammolun {+Blink +Inv
                  | rN+ Regen+ Int-2}
  4439 | D:5      | Found a stormy altar of Qazlal.
  4469 | D:5      | Reached skill level 1 in Stealth
  4473 | D:5      | Reached XP level 8. HP: 50/78 MP: 7/7
  4741 | D:6      | Reached skill level 7 in Maces & Flails
  4761 | D:6      | Found a staircase to the Ecumenical Temple.
  5272 | D:6      | Noticed a two-headed ogre
  5331 | D:6      | Killed a two-headed ogre
  5332 | D:6      | Reached skill level 5 in Fighting
  5332 | D:6      | Reached skill level 8 in Maces & Flails
  5332 | D:6      | Reached XP level 9. HP: 28/88 MP: 8/8
  5566 | D:6      | Identified the +7 falchion "Taxicawk" {distort, Fragile
                  | Str+4 SInv}
  5659 | D:6      | Reached skill level 5 in Dodging
  5872 | D:6      | Noticed Sigmund
  5877 | D:6      | Killed Sigmund
  5975 | D:6      | Reached skill level 9 in Maces & Flails
  6016 | D:7      | Noticed a kobold demonologist
  6129 | D:4      | Killed fleet's ghost
  6142 | D:4      | Mangled by an ogre

Illustrated notes

Levels and vault maps discovered:
D:1:      spicycebolla_arrival_transporter_tutorial, layout_loops_ring,
          minmay_pentomino_x2
D:2:      layout_loops_ring, serial_shops, nicolae_shop_trees, basic_altar
D:3:      layout_loops_corners, general_overflow_altar, zin_scriptorium,
          hellmonk_ecumenical_altar_pennies_from_heaven
D:4:      layout_loops_ring, okawaru_gym_becter,
          chequers_temple_overflow_statue_of_worship, lemuel_tele_altar,
          gammafunk_ghost_smash, chequers_ossuary_entry_cave
D:5:      layout_rooms, overflow_temple_1_default, grunt_qazlal_clouds,
          serial_curves, eino_curves_02, eino_curves_02, eino_curves_02,
          eino_curves_04
D:6:      layout_basic, minmay_temple_entry_ruins, uniq_sigmund
D:7:      layout_basic, serial_shops, nicolae_shop_window_shopping,
          lightli_corner_chamber

Skill      XL: |  1  2  3  4  5  6  7  8  9 |
---------------+----------------------------+-----
Maces & Flails | 3 4 5 6 8 9 |  9.3
Fighting       | 3 4 5 |  5.5
Dodging        | 3 4 5 |  5.2
Long Blades    | 1 |  1.7
Stealth        | 1 |  1.2

Action                   |  1- 3 |  4- 6 |  7- 9 || total
-------------------------+-------+-------+-------++-------
Melee: Mace              |   147 |    52 |       ||   199
       Punch             |     2 |     1 |       ||     3
       Great sword       |       |    53 |       ||    53
       Great mace        |       |   136 |   117 ||   253
       Giant spiked club |       |       |    22 ||    22
Invok: Berserk           |     1 |     3 |     2 ||     6
       Trog's Hand       |       |     1 |     1 ||     2
  Use: Scroll            |     2 |     5 |       ||     7
       Potion            |       |       |     7 ||     7
 Stab: Sleeping          |       |     2 |       ||     2
Armor: Animal skin       |    57 |    90 |    60 ||   207
Dodge: Dodged            |   101 |   227 |   112 ||   440

Table legend: (Time is in decaauts)
 A = Elapsed time spent in this place.
 B = Non-inter-level travel time spent in this place.
 C = Inter-level travel time spent in this place.
 D = Time resting spent in this place.
 E = Time spent auto-exploring this place.
 F = Levels seen in this place.
 G = Mean time per level.
                   A        B        C        D        E       F      G
               +--------+--------+--------+--------+--------+-----+--------+
         Total |   6385 |   6383 |      2 |    645 |   2424 |   8 |  798.1 |
       Dungeon |   6004 |   6002 |      2 |    645 |   2408 |   7 |  857.7 |
       Ossuary |    381 |    381 |      0 |      0 |     16 |   1 |  381.0 |
               +--------+--------+--------+--------+--------+-----+--------+

Top non-repeatable levels by time:
     D:3: 1298 daAuts
     D:6: 1295 daAuts
     D:2: 1012 daAuts
     D:1: 917 daAuts
     D:4: 802 daAuts
     D:5: 644 daAuts
 Ossuary: 381 daAuts
     D:7: 34 daAuts
